AoeStats
← ivzarleinad

Acropolis

503665887Analyzed
1v1 RM · 1mo ago on Sep 1, 2026· 28m 0s· 2 players
Game mode
Random Map
Map size
Tiny (2 player)
Population
200
Speed
Normal
Resources
Standard
Victory
Conquest
Starting age
Dark Age
Ending age
Imperial Age
RankedLock teamsTeams togetherTeam positionsShared explorationLock speedFull tech treeHidden civsTurbo modeCheats
Victory
Defeat
🇺🇸 Burgundians · United States
762
+16
🇺🇸 Sicilians · United States
753
-16
ivzarleinad
2:07 Loom
11:54 Feudal Age
14:44 Double-Bit Axe
20:30 Wheelbarrow
22:26 Castle Age
20:53 Fletching
24:45 Pikeman
25:37 Squires
alipakdaman32
0:35 Loom
12:45 Feudal Age
16:21 Castle Age
15:47 Gold Mining
16:24 Cavalier
17:16 Husbandry
17:25 Light Cavalry
19:06 Scale Barding Armor
20:44 Double-Bit Axe
22:57 Wheelbarrow
25:32 Town Watch
26:56 Chain Barding Armor
Connection lost

Rejoining the realm…

Still unreachable

The connection could not be restored.

Session expired

The server has moved on; the page needs a fresh start.